Construct Infanterie Kompanie
Selects Luftwaffe Battlegroup
Selects Luftwaffe Pioneer Support
Construct Luftwaffe Kompanie
Flak 30 Anti-aircraft Gun Team
Selects Stuka Strafing Run
Selects Fallschirmjäger Squad Paradrop
Selects LG40 Recoilless Gun Paradrop
Fallschirmjäger Squad Paradrop
Marder III M Tank Destroyer
Selects Infantry Reserves
Luftwaffe Officer Quarters
Marder III M Tank Destroyer
Fallschirmjäger Squad Paradrop
Marder III M Tank Destroyer
Infanterie Officer Quarters
Marder III M Tank Destroyer